 Dungeon Crawl Stone Soup version 0.17.1-2-g5865329 (webtiles) character file.

56 Mysteryquy the Conjurer (level 3, 0/26 HPs)
             Began as a Draconian Conjurer on Jan 17, 2016.
             Slain by an adder (1 damage)
             ... on level 2 of the Dungeon.
             The game lasted 00:03:52 (2338 turns).

Mysteryquy the Conjurer (Draconian Conjurer)        Turns: 2338, Time: 00:03:52

Health: 0/26       AC:  5    Str: 10    XL:     3   Next: 69%
Magic:  1/6        EV: 12    Int: 16    God:
Gold:   51         SH:  0    Dex: 11    Spells: 1 memorised, 5 levels left

rFire  . . .     SeeInvis .     q - staff of air
rCold  . . .     Clarity  .     (armour unavailable)
rNeg   . . .     SustAt   .     (no shield)
rPois  .         Gourm    .     (helmet restricted)
rElec  +         Spirit   .     (no cloak)
rCorr  .         Warding  .     (no gloves)
rMut   .         Stasis   .     (no boots)
MR     .....                    (no amulet)
Stlth  ++........               (no ring)
                                (no ring)

@: lethally poisoned (0 -> -2), not resistant to hostile enchantments,
unstealthy
A: unfitting armour, cold-blooded, AC +5
a: no special abilities


You were on level 2 of the Dungeon.
You were not hungry.

You visited 1 branch of the dungeon, and saw 2 of its levels.

You collected 51 gold pieces.

Inventory:

Hand Weapons
 n - a +0 dagger of freezing
 p - a cursed -3 quarterstaff
Magical Staves
 q - an uncursed staff of air (weapon)
Scrolls
 f - 2 scrolls of random uselessness {unknown}
 g - 2 scrolls of magic mapping {unknown}
 k - 2 scrolls of identify {unknown}
 m - a scroll of immolation {unknown}
 o - a scroll of amnesia {unknown}
Potions
 c - a potion of lignification {unknown}
 e - a potion of haste {unknown}
 h - a potion of beneficial mutation {unknown}
 i - a potion of agility {unknown}
 j - a potion of curing {unknown}
Books
 a - a book of Conjurations

   Spells                             Type                      Level
   a - Magic Dart                     Conjuration                  1
   b - Searing Ray                    Conjuration                  2
   c - Dazzling Spray                 Conjuration/Hexes            3
   d - Fulminant Prism                Conjuration/Hexes            4
   e - Iskenderun's Mystic Blast      Conjuration                  4
   f - Iskenderun's Battlesphere      Conjuration/Charms           5
Comestibles
 b - 2 bread rations
 d - a beef jerky
 l - 2 slices of pizza


   Skills:
 - Level 1.7 Dodging
 - Level 1.7 Stealth
 + Level 2.4 Spellcasting
 + Level 5.1 Conjurations


You had 5 spell levels left.
You knew the following spells:

 Your Spells              Type           Power        Failure   Level  Hunger
a - Magic Dart            Conj           ###.         2%          1    #......


Dungeon Overview and Level Annotations

Branches:
Dungeon (2/15)

Altars:
Nemelex Xobeh


Innate Abilities, Weirdness & Mutations

Your plain brown scales are hard (AC +5).
Your body does not fit into most forms of armour.
You are cold-blooded and may be slowed by cold attacks.


Message History

There is a lethal amount of poison in your body!
Casting: Magic Dart
Confirm with . or Enter, or press ? or * to list all spells.
You don't have enough magic to cast that spell.
Casting: Magic Dart
Confirm with . or Enter, or press ? or * to list all spells.
You don't have enough magic to cast that spell.
Casting: Magic Dart
Confirm with . or Enter, or press ? or * to list all spells.
You don't have enough magic to cast that spell.
Casting: Magic Dart
Confirm with . or Enter, or press ? or * to list all spells.
You don't have enough magic to cast that spell.
Casting: Magic Dart
Confirm with . or Enter, or press ? or * to list all spells.
You don't have enough magic to cast that spell.
You closely miss the adder.
The adder is severely wounded.
The adder bites you.
You die...

#..........# ##..# #
#..........# #..#
#..........# #....
#+##..........# #..##
####
...........###.......
#... .........(##
.####.## #.##
..........# .# #...
.........(####+####
#...
.........(S@(......
#...
.........†)........
#...
.......(.)(†.......
#...
......g............
#...
.=.................
#...
###..#.(...........
#...
....##.#..........
#... #.##
#.#.......... #... #
#.#######. .. #...


You could see an adder and a goblin.

Vanquished Creatures
  2 adders (D:2)
  2 worms (D:2)
  A ball python (D:1)
  3 hobgoblins
  2 jackals (D:1)
  3 kobolds
  A quokka (D:2)
  4 bats
  A giant newt (D:2)
  8 goblins
  4 rats (D:1)
31 creatures vanquished.

Notes
Turn   | Place    | Note
--------------------------------------------------------------
     0 | D:1      | Mysteryquy the Draconian Conjurer began the quest for the Orb.
     0 | D:1      | Reached XP level 1. HP: 14/14 MP: 3/3
   559 | D:1      | Reached XP level 2. HP: 20/20 MP: 0/5
  1409 | D:2      | Reached XP level 3. HP: 26/26 MP: 1/6
  1580 | D:2      | Reached skill level 5 in Conjurations
  1924 | D:2      | Found a sparkling altar of Nemelex Xobeh.
  2335 | D:2      | HP: 1/26 [poisoned by an adder]
  2338 | D:2      | Slain by an adder

Action                   || total
-------------------------++-------
Melee: Unarmed           ||    37
       Staff             ||    12
       Dagger            ||     8
 Cast: Magic Dart        ||    67
  Eat: Chunk             ||     5
